 Dungeon Crawl Stone Soup version 0.27-a0-1590-g15f69828bf (webtiles) character file.

Game seed: 11155179592015878236

1411 flotson the Skirmisher (level 8, 0/62 HPs)
             Began as a Demonspawn Delver on July 18, 2021.
             Slain by Maggie (5 damage)
             ... on level 6 of the Dungeon.
             The game lasted 00:10:24 (6970 turns).

flotson the Skirmisher (Demonspawn Delver)          Turns: 6970, Time: 00:10:24

Health: 0/62       AC:  9    Str: 16    XL:     8   Next: 43%
Magic:  8/8        EV: 12    Int: 11    God:
Gold:   190        SH:  0    Dex: 14    Spells: 6/7 levels left

rFire    . . .     SeeInvis .   a - +2 whip (venom)
rCold    + . .     Faith    .   (no shield)
rNeg     . . .     Spirit   .   y - +0 ring mail {rC+}
rPois    .         Reflect  .   h - +1 helmet
rElec    .         Harm     .   (no cloak)
rCorr    .         Rampage  .   B - +0 pair of gloves
Will     .....                  (no boots)
Stlth    +.........             (no amulet)
HPRegen  0.20/turn              t - ring of flight
MPRegen  0.11/turn              (no ring)

@: confused, lethally poisoned (0 -> -15), ambrosia-drunk, unable to read,
flying, hasted, very quick
A: large bone plates 2, demonic magic 1, inability to read while threatened
a: no special abilities


You were on level 6 of the Dungeon.
You visited 2 branches of the dungeon, and saw 8 of its levels.

You collected 204 gold pieces.
You spent 14 gold pieces at shops.

Inventory:

Hand Weapons
 a - a +2 whip of venom (weapon)
 b - a +2 trident of protection
 r - a +0 hand axe
Missiles
 s - 4 boomerangs
 x - 21 poisoned darts (quivered)
Armour
 h - a +1 helmet (worn)
 y - a +0 ring mail of cold resistance (worn)
 B - a +0 pair of gloves (worn)
Jewellery
 t - a ring of flight (left hand)
Wands
 g - a wand of digging (3)
Scrolls
 c - 3 scrolls of fog
 d - a scroll of magic mapping
 e - a scroll of fear
 f - a scroll of summoning {unknown}
 j - a scroll of noise
 k - 2 scrolls of teleportation {unknown}
 m - 4 scrolls of enchant weapon {unknown}
 n - a scroll of blinking {unknown}
 q - a scroll of immolation {unknown}
 v - a scroll of amnesia {unknown}
 z - a scroll of enchant armour {unknown}
Potions
 i - a potion of attraction
 w - 2 potions of mutation
 A - a potion of brilliance
 D - a potion of haste


   Skills:
 + Level 5.2 Fighting
 + Level 4.2 Axes
 + Level 3.2 Throwing
 + Level 3.7 Armour
 + Level 4.3 Dodging
 - Level 4.5 Stealth
 + Level 1.6 Necromancy
 + Level 3.4 Evocations


You had 6 spell levels left.
You knew the following spells:

 Your Spells              Type           Power      Damage    Failure   Level
a - Animate Skeleton      Necr           6%         N/A       32%         1

Your spell library contained the following spells:

 Spells                   Type           Power      Damage    Failure   Level
 Sublimation of Blood     Necr           1%         N/A       45%         2
 Apportation              Tloc           0%         N/A       54%         1
 Beastly Appendage        Tmut           0%         N/A       54%         1
 Corona                   Hex            0%         N/A       54%         1
 Summon Small Mammal      Summ           0%         N/A       54%         1
 Wereblood                Tmut           0%         N/A       67%         2
 Gell's Gravitas          Tloc           0%         N/A       88%         3
 Lesser Beckoning         Tloc           0%         N/A       88%         3
 Spider Form              Tmut/Pois      0%         N/A       88%         3
 Teleport Other           Tloc           0%         N/A       88%         3
 Petrify                  Tmut/Erth      0%         N/A       99%         4
 Irradiate                Conj/Tmut      0%         3d14      100%        5


Dungeon Overview and Level Annotations

Branches:
Dungeon (7/15)             Temple (1/1) D:4

Altars:
Ashenzari
Cheibriados
Fedhas
Kikubaaqudgha
Makhleb
Nemelex Xobeh
Okawaru
Qazlal
Sif Muna
Uskayaw
Vehumet
Wu Jian
Xom
Yredelemnul
Zin
The Shining One

Shops:
D:3 *

Annotations:
D:6 Maggie


Innate Abilities, Weirdness & Mutations

You are mostly covered in large bone plates. (SH +6)
Spells you cast may paralyse adjacent enemies.
You sometimes lose the ability to read scrolls when taking damage.


Message History

You feel yourself speed up.
You feel very sick.
Maggie hits you with a +5 broad axe of venom!
* * * LOW HITPOINT WARNING * * *
You are lethally poisoned!
You feel much better.
You feel very sick.
Unknown command.
Search for what [Enter for "goz", or ? for help]? curare Can't find anything matching that.
Unknown command.
Unknown command.
Unknown command.
You cannot read scrolls in your current state!
Okay, then.
Unknown command.
You closely miss Maggie.
You feel very sick. Maggie barely misses you.
You hit Maggie.
Maggie is lightly wounded.
You feel very sick.
You hit Maggie but do no damage.
Maggie is lightly wounded.
You feel very sick.
Maggie hits you with a +5 broad axe of venom!
* * * LOW HITPOINT WARNING * * *
You are more poisoned.
You are confused.
You feel invigorated.
* * * LOW HITPOINT WARNING * * *
You feel very sick. Maggie closely misses you.
* * * LOW HITPOINT WARNING * * *
You feel very sick.
Okay, then.
* * * LOW HITPOINT WARNING * * *
You feel very sick.
Maggie hits you with a +5 broad axe of venom.
You die...

............(........#
.####...####..#.##...#
#...........# .....#
#.#...#.###.##....#
#.#...#.###..^....# #
##.......!.#.##...
###.###).......#
#..#......
#####.@####..#
.......@..# .#
.#####..........
#.......### #.......#
##..$...# ......(#
#......# ##...#.#


You could see Maggie.

Vanquished Creatures
  Pikel (D:3)
  Grinder (D:4)
  Edmund (D:4)
  A water moccasin (D:6)
  A bullfrog (D:6)
  2 water moccasin zombies
  A centaur zombie (D:5)
  2 bullfrog zombies (D:5)
  A jelly (D:4)
  2 iguanas (D:5)
  Ijyb (D:4)
  A howler monkey zombie (D:5)
  5 adders
  A worm (D:5)
  3 dart slugs
  12 orcs
  8 endoplasms
  2 giant cockroaches
  5 goblins
  5 hobgoblins
  9 jackals
  6 kobolds
  2 quokkas (D:1)
  7 ball pythons
  3 bats
  4 frilled lizards
  8 rats
95 creatures vanquished.

Vanquished Creatures (others)
  A kobold (D:4)
  5 fungi
6 creatures vanquished.

Grand Total: 101 creatures vanquished

Notes
Turn   | Place    | Note
-------+----------+-------------------------------------------
     0 | D:5      | flotson the Demonspawn Delver began the quest for the Orb.
     0 | D:5      | Reached XP level 1. HP: 18/18 MP: 1/1
   385 | D:5      | You fall into a shaft and drop 2 floors!
   385 | D:7      | Found a hide-covered altar of Uskayaw.
   395 | D:7      | Found a stormy altar of Qazlal.
   441 | D:7      | Noticed a water moccasin
   632 | D:5      | Noticed an iguana
   646 | D:4      | Noticed a jelly
   814 | D:3      | Found Lalevul's General Store.
   822 | D:3      | Gained mutation: Spells you cast may paralyse adjacent
                  | enemies. [demonic ancestry]
   822 | D:3      | Reached XP level 2. HP: 19/24 MP: 2/2
   882 | D:3      | Bought a scroll of noise for 14 gold pieces
  1025 | D:3      | Reached skill level 1 in Armour
  1035 | D:3      | Reached XP level 3. HP: 10/29 MP: 3/3
  2537 | D:1      | Gained mutation: You are partially covered in large bone
                  | plates. (SH +4) [demonic ancestry]
  2537 | D:1      | Reached XP level 4. HP: 35/35 MP: 4/4
  2731 | D:1      | Found a faded altar of an unknown god.
  3677 | D:3      | Found a shimmering blue altar of Sif Muna.
  4105 | D:4      | Noticed Ijyb
  4123 | D:4      | Killed Ijyb
  4124 | D:4      | Reached skill level 1 in Evocations
  4124 | D:4      | Reached XP level 5. HP: 15/42 MP: 5/5
  4139 | D:4      | Reached skill level 1 in Throwing
  4363 | D:4      | Noticed Pikel
  4363 | D:4      | Noticed a lemure
  4364 | D:4      | Noticed a lemure
  4365 | D:4      | Noticed a lemure
  4366 | D:4      | Noticed a lemure
  4412 | D:3      | Killed Pikel
  4413 | D:3      | Reached skill level 4 in Fighting
  4413 | D:3      | Reached XP level 6. HP: 22/49 MP: 6/6
  4413 | D:3      | Gained mutation: You are mostly covered in large bone
                  | plates. (SH +6) [demonic ancestry]
  4413 | D:3      | Reached XP level 7. HP: 24/55 MP: 7/7
  4730 | D:4      | Found an iron altar of Okawaru.
  4739 | D:4      | Found a staircase to the Ecumenical Temple.
  4750 | D:4      | Noticed Edmund
  4765 | Temple   | Entered the Ecumenical Temple
  5217 | D:4      | Killed Edmund
  5369 | D:4      | Noticed Grinder
  5391 | D:4      | Paralysed by Grinder for 4 turns
  5397 | D:4      | Killed Grinder
  5398 | D:4      | Reached XP level 8. HP: 22/61 MP: 8/8
  5871 | D:4      | Learned a level 1 spell: Animate Skeleton
  5924 | D:5      | Reached skill level 5 in Fighting
  6072 | D:5      | Found a basalt altar of Yredelemnul.
  6235 | D:5      | Reached skill level 1 in Necromancy
  6502 | D:5      | Found a broken altar of Ashenzari.
  6656 | D:6      | Gained mutation: You sometimes lose the ability to read
                  | scrolls when taking damage. [potion of mutation]
  6955 | D:6      | Noticed Maggie
  6970 | D:6      | Slain by Maggie

Illustrated notes

Levels and vault maps discovered:
D:1:      amcnicky_arrival_blooded_trapdoor, layout_rooms,
          ebering_ecumenical_altar_box, minmay_misc_feat_rugged,
          interstate_on_off, hangedman_decor_points
D:2:      layout_basic
D:3:      layout_basic, led_sif_pool, serial_shops, nicolae_shop_crystal
D:4:      layout_basic, nicolae_tso_carved_into_rock,
          mainiacjoe_overflow_chevrons, minmay_temple_entry_slanted, hex_medium,
          serial_bayou_crossing, uniq_pikel, uniq_edmund, uniq_ijyb,
          uniq_grinder
D:5:      layout_loops_ring, nicolae_ashenzari_panopticon,
          nicolae_yredelemnul_corpse_copse
D:6:      layout_loops_cross, marbit_many_paths, elyvilon_altar_1,
          nicolae_ru_path_of_blood, serial_park_tiny_1,
          small_statue_intersection, uniq_blork_the_orc,
          uniq_crazy_yiuf_cottage, uniq_menkaure, uniq_maggie
D:7:      layout_basic, mainiacjoe_overflow_large_starburst
Temple:   jpeg_temple_island

Skill      XL: |  1  2  3  4  5  6  7  8 |
---------------+-------------------------+-----
Axes           | 2 3 4 |  4.2
Dodging        | 2 3 4 |  4.3
Armour         | 1 2 3 |  3.7
Evocations     | 1 2 3 |  3.4
Throwing       | 2 3 |  3.2
Fighting       | 4 5 |  5.2
Necromancy     | 1 |  1.6
Stealth        | |  4.5

Action                   |  1- 3 |  4- 6 |  7- 9 || total
-------------------------+-------+-------+-------++-------
Melee: Hand axe          |   162 |    16 |       ||   178
       Whip              |       |    61 |   160 ||   221
       Trident           |       |       |     4 ||     4
Throw: Boomerang         |       |     7 |       ||     7
       Dart              |       |     4 |       ||     4
Evoke: Wand              |       |     4 |       ||     4
  Use: Potion            |     1 |       |     5 ||     6
       Scroll            |       |       |     5 ||     5
 Stab: Sleeping          |     5 |     5 |     2 ||    12
Armor: Leather armour    |    22 |       |       ||    22
       Ring mail         |    31 |    28 |    54 ||   113
Dodge: Dodged            |   109 |    36 |    81 ||   226
Block: Other             |       |    15 |    39 ||    54

Table legend: (Time is in decaauts)
 A = Elapsed time spent in this place.
 B = Non-inter-level travel time spent in this place.
 C = Inter-level travel time spent in this place.
 D = Time resting spent in this place.
 E = Time spent auto-exploring this place.
 F = Levels seen in this place.
 G = Mean time per level.
                   A        B        C        D        E       F      G
               +--------+--------+--------+--------+--------+-----+--------+
         Total |   6987 |   6547 |    440 |    499 |   4995 |   8 |  873.4 |
       Dungeon |   6571 |   6164 |    407 |    499 |   4612 |   7 |  938.7 |
        Temple |    416 |    383 |     33 |      0 |    383 |   1 |  416.0 |
               +--------+--------+--------+--------+--------+-----+--------+

Top non-repeatable levels by time:
     D:5: 1480 daAuts
     D:4: 1406 daAuts
     D:3: 1364 daAuts
     D:2: 1050 daAuts
     D:1: 1027 daAuts
  Temple: 416 daAuts
     D:6: 183 daAuts
     D:7: 58 daAuts
